 Dungeon Crawl Stone Soup version 0.13-a0-2700-g8dc4729 (webtiles) character file.

1953 M4edhros the Prestidigitator (level 9, -6/60 HPs)
             Began as an Octopode Artificer on Aug 15, 2013.
             Was a Priest of Zin.
             Killed by divine providence
             ... invoked by an orc priest
              (9 damage)
             ... on Level 6 of the Dungeon.
             The game lasted 00:14:24 (7657 turns).

M4edhros the Prestidigitator (Octopode Artificer)   Turns: 7657, Time: 00:14:24

HP  -6/60        AC  1     Str 11      XL: 9   Next:  0%
MP  21/21        EV 12     Int 17      God: Zin [***...]
Gold 300         SH  0     Dex 13      Spells:  0 memorised,  8 levels left

Res.Fire  : . . .   See Invis. : .   a - +0 short sword
Res.Cold  : . . .   Warding    : .   (no shield)
Life Prot.: . . .   Conserve   : .   (helmet restricted)
Res.Poison: .       Res.Corr.  : .   (no amulet)
Res.Elec. : .       Clarity    : .   n - ring of wizardry
Sust.Abil.: . .     Spirit.Shd : .   (no ring)
Res.Mut.  : .       Stasis     : .   (no ring)
Res.Rott. : .       Flight     : .   (no ring)
Saprovore : . . .                    (no ring)
                                     (no ring)
                                     (no ring)
                                     (no ring)

@: slightly resistant to hostile enchantments, stealthy
A: almost no armour, amphibious, 8 rings, constrict 8, camouflage 1, AC +1, Str
+1
a: Recite, Vitalisation, Imprison, Renounce Religion


You were on level 6 of the Dungeon.
You worshipped Zin.
Zin was greatly pleased with you.
You were very hungry.

You visited 1 branch of the dungeon, and saw 6 of its levels.
You also visited: Sewer.

You collected 313 gold pieces.
You donated 33 gold pieces.

Inventory:

Hand weapons
 a - a +0,+0 short sword (weapon)
 o - a +0 blowgun
Magical devices
 b - a wand of flame (0)
 c - a wand of enslavement (0)
 d - a wand of random effects (1)
 e - a wand of disintegration (3)
 j - a wand of slowing (3)
Comestibles
 f - 3 bread rations
 z - an apple
 E - a pear
 F - a choko
Scrolls
 g - 2 scrolls of amnesia {unknown}
 k - 13 scrolls of identify {unknown}
 q - 4 scrolls of curse armour {unknown}
 s - 5 scrolls of remove curse
 t - a scroll of immolation {unknown}
 u - 3 scrolls of fear {unknown}
 v - a scroll of magic mapping {unknown}
 x - a scroll of enchant weapon II {unknown}
 y - a scroll of enchant armour {unknown}
 D - a scroll of curse weapon {unknown}
 H - a scroll of teleportation
Jewellery
 n - a ring of wizardry (left tentacle)
 G - an uncursed ring of poison resistance {unknown}
Potions
 h - a potion of magic
 i - a potion of might
 l - a potion of restore abilities
 m - a potion of paralysis
 p - a potion of heal wounds
 r - 2 potions of flight
 w - a potion of curing
 A - 3 potions of speed {unknown}
 C - a potion of blood {unknown}


   Skills:
 - Level 6.4 Fighting
 - Level 1.0 Short Blades
 - Level 2.0 Dodging
 - Level 1.3 Stealth
 * Level 4.9 Invocations
 - Level 9.7 Evocations


You had 8 spell levels left.
You didn't know any spells.

Dungeon Overview and Level Annotations

Branches:
Dungeon (6/27)             Temple (0/1) D:6             Orc (0/4) D:6

Altars:
Fedhas
Vehumet
Xom
Zin
the Shining One

Annotations
D:5 SkaryMonk's ghost, average LOSk


Innate Abilities, Weirdness & Mutations

You cannot wear most types of armour.
You are amphibious.
You can wear up to eight rings at the same time.
You can use your tentacles to constrict many enemies at once.
Your skin changes colour to match your surroundings (Stlth).
Your rubbery body absorbs attacks (AC +1).
You are agile (Dex +1).
Your muscles are strong, but stiff (Str +1, Dex -1).


Message History

Evoke which item? (* to show all) (? for menu, Esc to quit)
Zapping:
c - a wand of enslavement (3)
Press: ? - help, Shift-Dir - straight line, f/p - orc priest
Aim: an orc priest wearing an orcish ring mail The orc priest resists.
This wand has 2 charges left.
The orc priest utters an invocation to Beogh.
You feel a wave of unholy energy pass over you.
Evoke which item? (* to show all) (? for menu, Esc to quit)
Zapping:
c - a wand of enslavement (2)
Press: ? - help, Shift-Dir - straight line, f/p - orc priest
Aim: an orc priest wearing an orcish ring mail The orc priest is repulsed!
This wand has 1 charge left.
Evoke which item? (* to show all) (? for menu, Esc to quit)
Zapping:
c - a wand of enslavement (1)
Press: ? - help, Shift-Dir - straight line, f/p - orc priest
Aim: an orc priest wearing an orcish ring mail The orc priest resists.
This wand has 0 charges left.
The orc priest calls down the wrath of Beogh upon you.
Something smites you!
You die...

#..##.##...##.#######.##...####
#..##.##...##.##...##.##...##..
#..####..8..###.8.8.###...).###
#..###.......%.......+....)..##
#..#.#..#'#..#%.#'#..#..#[#.(##
#..#.#.##^##.#o##h##.#.##.##.#
#....#.#...#.#.#.?o#.#.#...#.#
#....#.#[..#.#o#.o.#.#.#...#.##
######.##^##.#@##.##.#.##.##.#.
#..#'#..#..#+#..#..#.#..#.
###......#.......#......###
#.#..8..###.8.8.###.....#
#.##....###.....###....####
#.###....#.......#....##...
##### #.#
###.............###..## ....#
#.# #####.......#####.###.
###.# #.# #.# ####>####
#.#.##..


You could see 2 orc priests.

Vanquished Creatures
  A manticore (D:4)
  An ice beast (D:5)
  A necrophage (D:5)
  6 ogres
  A big kobold (Sewer)
  2 wargs (D:6)
  The ghost of M4edhros the Charlatan, a weakling OpAr (D:4)
  4 crimson imps
  A centaur zombie (D:5)
  4 orc wizards
  Crazy Yiuf (D:3)
  A big fish (Sewer)
  4 hounds
  A black bear skeleton (D:5)
  A scorpion (D:4)
  3 worker ants
  Jessica (D:2)
  A green rat (Sewer)
  8 adders
  A giant centipede (D:4)
  3 gnolls (D:3)
  An inept item mimic (D:2)
  2 giant mites
  An inept feature mimic (D:2)
  3 worms
  An adder zombie (D:6)
  A giant eyeball (D:5)
  3 grey rats
  2 giant geckos
  An ooze (D:4)
  10 orcs
  11 hobgoblins
  4 quokkas
  2 ball pythons (D:1)
  13 bats
  5 giant cockroaches
  A giant gecko skeleton (D:6)
  5 giant newts
  17 goblins
  12 jackals
  14 kobolds
  An orc skeleton (D:4)
  8 rats
  A fungus (D:3)
166 creatures vanquished.

Vanquished Creatures (collateral kills)
  An orc wizard (D:4)
  A gnoll (D:3)
  2 orcs (D:4)
  A goblin (D:4)
5 creatures vanquished.

Grand Total: 171 creatures vanquished

Notes
Turn   | Place    | Note
--------------------------------------------------------------
     0 | D:1      | M4edhros, the Octopode Artificer, began the quest for the Orb.
     0 | D:1      | Reached XP level 1. HP: 14/14 MP: 1/1
   153 | D:1      | Reached skill level 4 in Evocations
   153 | D:1      | Reached XP level 2. HP: 8/19 MP: 3/3
   380 | D:2      | Noticed Jessica
   389 | D:2      | Killed Jessica
   389 | D:2      | Reached XP level 3. HP: 24/24 MP: 5/5
   559 | D:3      | Reached skill level 5 in Evocations
   997 | D:4      | Reached skill level 6 in Evocations
   997 | D:4      | Reached XP level 4. HP: 16/29 MP: 6/8
  1201 | D:4      | Noticed M4edhros' ghost (weakling OpAr)
  1207 | D:4      | Killed M4edhros' ghost
  1207 | D:4      | Reached XP level 5. HP: 28/34 MP: 10/10
  1343 | D:4      | Noticed an ogre
  1351 | D:4      | Killed an ogre
  1351 | D:4      | Reached skill level 7 in Evocations
  1351 | D:4      | Reached XP level 6. HP: 35/39 MP: 11/13
  1358 | D:4      | Reached skill level 8 in Evocations
  1373 | D:4      | Paralysed by a potion of paralysis for 3 turns
  1457 | D:4      | HP: 1/39 [poisoned by a giant centipede]
  1603 | D:4      | Found a glowing drain.
  1619 | Sewer    | Entered a sewer
  1869 | Sewer    | Found a white marble altar of Elyvilon.
  1877 | Sewer    | Gained mutation: Your muscles are strong, but stiff (Str +1, Dex -1). [potion of beneficial mutation]
  1956 | D:4      | Reached XP level 7. HP: 23/45 MP: 17/17
  2025 | D:4      | Noticed an ogre
  2050 | D:4      | Killed an ogre
  2453 | D:4      | Noticed an ogre
  2754 | D:3      | Reached skill level 9 in Evocations
  3481 | D:4      | Noticed a manticore
  3494 | D:4      | an ogre (ally) was killed
  3505 | D:4      | Killed a manticore
  3567 | D:4      | Reached XP level 8. HP: 51/53 MP: 19/19
  3598 | D:5      | Entered Level 5 of the Dungeon
  3609 | D:5      | Reached skill level 5 in Fighting
  3852 | D:5      | Found a glowing golden altar of the Shining One.
  4054 | D:5      | Found a glowing silver altar of Zin.
  4363 | D:5      | Noticed SkaryMonk's ghost (average LOSk)
  4421 | D:5      | Became a worshipper of Zin the Law-Giver
  4421 | D:5      | Acquired Zin's first power
  4432 | D:5      | Reached skill level 1 in Invocations
  4578 | D:5      | Gained mutation: You are agile (Dex +1). [potion of mutation]
  4688 | D:5      | Found a blossoming altar of Fedhas.
  4688 | D:5      | Found a radiant altar of Vehumet.
  4689 | D:5      | Found a shimmering altar of Xom.
  5162 | D:1      | Acquired Zin's second power
  6736 | D:3      | Noticed Crazy Yiuf
  6750 | D:3      | Killed Crazy Yiuf
  7229 | D:6      | Acquired Zin's third power
  7288 | D:6      | Found a staircase to the Orcish Mines.
  7411 | D:6      | Found a staircase to the Ecumenical Temple.
  7653 | D:6      | Reached XP level 9. HP: 32/60 MP: 21/21
  7654 | D:6      | HP: 2/60 [orc priest/divine providence (16)]
  7657 | D:6      | Killed from afar by an orc priest

Action                   |  1- 3 |  4- 6 |  7- 9 || total
-------------------------+-------+-------+-------++-------
Melee: Short sword       |    57 |    89 |   309 ||   455
Evoke: Wand              |     2 |     8 |    42 ||    52
  Use: Potion            |     2 |     7 |     5 ||    14
       Scroll            |       |       |     6 ||     6
 Stab: Sleeping          |     5 |       |     7 ||    12
       Betrayed ally     |       |       |     1 ||     1
